Workbook

Sheet Facture avril 
F1: FACTURE | G1: COMPTE RENDU DE GESTION
D3: 42247 | F3: FC 0001 | J3: =D3 -> 42247 | K3: Réf : | L3: =F3 -> FC 0001
D5: Modèle Facture et CRG | J5: =D5 -> Modèle Facture et CRG
D6: 1 rue de la Chance | J6: =D6 -> 1 rue de la Chance
D7: 13100 Aix en Provence | J7: =D7 -> 13100 Aix en Provence
C9: 2 rue du Bonheur - Sublime loft | J9: =C9 -> 2 rue du Bonheur - Sublime loft
B11: Locations - Période du | D11: =DATE(YEAR(D3),MONTH(D3),1) -> 42217 | E11: au | F11: =EOMONTH(D11,0) -> 42247 | H11: Locations - Période du | J11: =D11 -> 42217 | K11: au | L11: =EOMONTH(J11,0) -> 42247
A13: Locataire | B13: Dates début séjour | C13: Nbre nuitées | D13: Versement perçu | E13: Commission TTC % | F13: Commission TTC | G13: TOTAL NUITEES | H13: TOTAL VERSEMENT | I13: TOTAL COMMISSION TTC | J13: PART PROPRIETAIRE | K13: % COMMISSION | L13: % PROPRIETAIRE
A14: Gajadhar | B14: 42227 | C14: 5 | D14: 184 | E14: =IF(C14="","",(IF(C14<=2,0.5,IF(C14>=7,0.35,IF(C14=3,0.45,IF(C14=4,0.45,IF(C14=5,0.45,IF(C14=6,0.45,IF(C14=0,""))))))))) -> 0.45 | F14: =IF(ISERROR(D14*E14),"",D14*E14) -> 82.8 | G14: =C45 -> 10 | H14: =D45 -> 638 | I14: =F45 -> 296.75 | J14: =E45 -> 341.25 | K14: =I14/H14 -> 0.46512539 | L14: =J14/H14 -> 0.53487461
A15: Duval | B15: 42237 | C15: 3 | D15: 261 | E15: =IF(C15="","",(IF(C15<=2,0.5,IF(C15>=7,0.35,IF(C15=3,0.45,IF(C15=4,0.45,IF(C15=5,0.45,IF(C15=6,0.45,IF(C15=0,""))))))))) -> 0.45 | F15: =IF(ISERROR(D15*E15),"",D15*E15) -> 117.45
A16: Dangu | B16: 42244 | C16: 2 | D16: 193 | E16: =IF(C16="","",(IF(C16<=2,0.5,IF(C16>=7,0.35,IF(C16=3,0.45,IF(C16=4,0.45,IF(C16=5,0.45,IF(C16=6,0.45,IF(C16=0,""))))))))) -> 0.5 | F16: =IF(ISERROR(D16*E16),"",D16*E16) -> 96.5 | G16: DEPENSES ENGAGEES
E17: =IF(C17="","",(IF(C17<=2,0.5,IF(C17>=7,0.35,IF(C17=3,0.45,IF(C17=4,0.45,IF(C17=5,0.45,IF(C17=6,0.45,IF(C17=0,""))))))))) | F17: =IF(ISERROR(D17*E17),"",D17*E17)
E18: =IF(C18="","",(IF(C18<=2,0.5,IF(C18>=7,0.35,IF(C18=3,0.45,IF(C18=4,0.45,IF(C18=5,0.45,IF(C18=6,0.45,IF(C18=0,""))))))))) | F18: =IF(ISERROR(D18*E18),"",D18*E18) | L18: HT
E19: =IF(C19="","",(IF(C19<=2,0.5,IF(C19>=7,0.35,IF(C19=3,0.45,IF(C19=4,0.45,IF(C19=5,0.45,IF(C19=6,0.45,IF(C19=0,""))))))))) | F19: =IF(ISERROR(D19*E19),"",D19*E19) | J19: Papier toilette | L19: 3.98
E20: =IF(C20="","",(IF(C20<=2,0.5,IF(C20>=7,0.35,IF(C20=3,0.45,IF(C20=4,0.45,IF(C20=5,0.45,IF(C20=6,0.45,IF(C20=0,""))))))))) | F20: =IF(ISERROR(D20*E20),"",D20*E20) | J20: Produits ménagers | L20: 1.7
E21: =IF(C21="","",(IF(C21<=2,0.5,IF(C21>=7,0.35,IF(C21=3,0.45,IF(C21=4,0.45,IF(C21=5,0.45,IF(C21=6,0.45,IF(C21=0,""))))))))) | F21: =IF(ISERROR(D21*E21),"",D21*E21) | J21: Sopalin | L21: 5
E22: =IF(C22="","",(IF(C22<=2,0.5,IF(C22>=7,0.35,IF(C22=3,0.45,IF(C22=4,0.45,IF(C22=5,0.45,IF(C22=6,0.45,IF(C22=0,""))))))))) | F22: =IF(ISERROR(D22*E22),"",D22*E22)
E23: =IF(C23="","",(IF(C23<=2,0.5,IF(C23>=7,0.35,IF(C23=3,0.45,IF(C23=4,0.45,IF(C23=5,0.45,IF(C23=6,0.45,IF(C23=0,""))))))))) | F23: =IF(ISERROR(D23*E23),"",D23*E23)
E24: =IF(C24="","",(IF(C24<=2,0.5,IF(C24>=7,0.35,IF(C24=3,0.45,IF(C24=4,0.45,IF(C24=5,0.45,IF(C24=6,0.45,IF(C24=0,""))))))))) | F24: =IF(ISERROR(D24*E24),"",D24*E24)
E25: =IF(C25="","",(IF(C25<=2,0.5,IF(C25>=7,0.35,IF(C25=3,0.45,IF(C25=4,0.45,IF(C25=5,0.45,IF(C25=6,0.45,IF(C25=0,""))))))))) | F25: =IF(ISERROR(D25*E25),"",D25*E25)
E28: =IF(C28="","",(IF(C28<=2,0.5,IF(C28>=7,0.35,IF(C28=3,0.45,IF(C28=4,0.45,IF(C28=5,0.45,IF(C28=6,0.45,IF(C28=0,""))))))))) | F28: =IF(ISERROR(D28*E28),"",D28*E28)
E29: =IF(C29="","",(IF(C29<=2,0.5,IF(C29>=7,0.35,IF(C29=3,0.45,IF(C29=4,0.45,IF(C29=5,0.45,IF(C29=6,0.45,IF(C29=0,""))))))))) | F29: =IF(ISERROR(D29*E29),"",D29*E29)
E30: =IF(C30="","",(IF(C30<=2,0.5,IF(C30>=7,0.35,IF(C30=3,0.45,IF(C30=4,0.45,IF(C30=5,0.45,IF(C30=6,0.45,IF(C30=0,""))))))))) | F30: =IF(ISERROR(D30*E30),"",D30*E30)
E31: =IF(C31="","",(IF(C31<=2,0.5,IF(C31>=7,0.35,IF(C31=3,0.45,IF(C31=4,0.45,IF(C31=5,0.45,IF(C31=6,0.45,IF(C31=0,""))))))))) | F31: =IF(ISERROR(D31*E31),"",D31*E31)
E32: =IF(C32="","",(IF(C32<=2,0.5,IF(C32>=7,0.35,IF(C32=3,0.45,IF(C32=4,0.45,IF(C32=5,0.45,IF(C32=6,0.45,IF(C32=0,""))))))))) | F32: =IF(ISERROR(D32*E32),"",D32*E32)
E33: =IF(C33="","",(IF(C33<=2,0.5,IF(C33>=7,0.35,IF(C33=3,0.45,IF(C33=4,0.45,IF(C33=5,0.45,IF(C33=6,0.45,IF(C33=0,""))))))))) | F33: =IF(ISERROR(D33*E33),"",D33*E33)
E34: =IF(C34="","",(IF(C34<=2,0.5,IF(C34>=7,0.35,IF(C34=3,0.45,IF(C34=4,0.45,IF(C34=5,0.45,IF(C34=6,0.45,IF(C34=0,""))))))))) | F34: =IF(ISERROR(D34*E34),"",D34*E34)
E35: =IF(C35="","",(IF(C35<=2,0.5,IF(C35>=7,0.35,IF(C35=3,0.45,IF(C35=4,0.45,IF(C35=5,0.45,IF(C35=6,0.45,IF(C35=0,""))))))))) | F35: =IF(ISERROR(D35*E35),"",D35*E35)
... E40: =IF(C40="","",(IF(C40<=2,0.5,IF(C40>=7,0.35,IF(C40=3,0.45,IF(C40=4,0.45,IF(C40=5,0.45,IF(C40=6,0.45,IF(C40=0,""))))))))) | F40: =IF(ISERROR(D40*E40),"",D40*E40)
J41: TOTAL DEPENSES HT | L41: =SUM(L19:L38) -> 10.68
D42: Commission HT | F42: =F45/1.2 -> 247.29167 | J42: TVA 20% | L42: =L41*20% -> 2.136
D43: TVA | E43: 0.2 | F43: =F45-F42 -> 49.458333 | J43: TOTAL DEPENSES TTC | L43: =L41*1.2 -> 12.816
C44: TOTAL NUITEES | D44: TOTAL VERSEMENT | E44: PART PROPRIETAIRE | F44: TOTAL COMMISSION TTC
C45: =SUM(C14:C43) -> 10 | D45: =SUM(D14:D43) -> 638 | E45: =D45-F45 -> 341.25 | F45: =SUM(F14:F39) -> 296.75 | J45: TOTAL A PAYER | L45: =J14-L43 -> 328.434

Sheet Compte rendu gestion avril
A1: COMPTE RENDU DE GESTION
E2: Réf : | F2: ='Facture avril '!F3 -> FC 0001
F4: ='Facture avril '!D3 -> 42247
D6: ='Facture avril '!D5:F5 -> Modèle Facture et CRG
D7: ='Facture avril '!D6:F6 -> 1 rue de la Chance
A8: ='Facture avril '!A6 -> 0 | D8: ='Facture avril '!D7:F7 -> 13100 Aix en Provence
A9: ='Facture avril '!A7 -> 0
A10: ='Facture avril '!A8 -> 0 | C10: ='Facture avril '!C9:F9 -> 2 rue du Bonheur - Sublime loft
A11: ='Facture avril '!A9 -> 0
B14: ='Facture avril '!B11:C11 -> Locations - Période du | D14: ='Facture avril '!D11 -> 42217 | E14: ='Facture avril '!E11 -> au | F14: ='Facture avril '!F11 -> 42247
A16: TOTAL NUITEES | B16: TOTAL VERSEMENT | C16: TOTAL COMMISSION TTC | D16: PART PROPRIETAIRE | E16: % COMMISSION | F16: % PROPRIETAIRE
A17: ='Facture avril '!C45 -> 10 | B17: ='Facture avril '!D45 -> 638 | C17: ='Facture avril '!F45 -> 296.75 | D17: ='Facture avril '!E45 -> 341.25 | E17: =C17/B17 -> 0.46512539 | F17: =D17/B17 -> 0.53487461
A19: DEPENSES ENGAGEES
F21: HT
D22: Papier toilette | F22: 3.98
D23: Produits ménagers | F23: 1.7
D24: Sopalin | F24: 5
D38: TOTAL DEPENSES HT | F38: =SUM(F22:F37) -> 10.68
D39: TVA 20% | F39: =F38*20% -> 2.136
D40: TOTAL DEPENSES TTC | F40: =F38*1.2 -> 12.816
D42: TOTAL A PAYER | F42: =D17-F40 -> 328.434
A44: ='Facture avril '!A46 -> 0
A45: En cas de retard de paiement, seront exigibles, conformément à l'article L 441-6 du code de commerce, une indemnité calculée sur la base de trois fois le taux de l'intérêt légal en vigueur ainsi qu'une indemnité forfaitaire pour frais de recouvrement de 40 euros.

Sheet Feuil3
